 Dungeon Crawl Stone Soup version 0.20.1-1-g8b1a95d (webtiles) character file.

7374 KoningWillie the Carver (level 10, -3/96 HPs)
             Began as a Minotaur Fighter on Sept 19, 2017.
             Shot with an arrow by a centaur warrior (6 damage)
             ... on level 11 of the Dungeon.
             The game lasted 00:23:24 (12066 turns).

KoningWillie the Carver (Minotaur Fighter)         Turns: 12066, Time: 00:23:25

Health: -3/96      AC: 17    Str: 24    XL:     10   Next: 91%
Magic:  9/9        EV: 11    Int:  5    God:
Gold:   166        SH:  0    Dex: 10    Spells: 9/9 levels left

rFire    . . .     SeeInvis +   A - +0 great sword
rCold    . . .     Gourm    .   (shield currently unavailable)
rNeg     . . .     Faith    .   n - +0 plate armour (curse)
rPois    .         Spirit   .   (helmet restricted)
rElec    .         Reflect  .   g - +0 cloak
rCorr    .         Harm     .   J - +0 pair of gloves
MR       .....                  (no boots)
Stlth    ..........             (no amulet)
Regen    0.3/turn               j - +4 ring of evasion
MPRegen  0.2/turn               t - ring of see invisible

@: about to teleport, hasted, very quick
A: retaliatory headbutt, horns 2
a: no special abilities


You were on level 11 of the Dungeon.
You were not hungry.

You visited 1 branch of the dungeon, and saw 11 of its levels.

You collected 494 gold pieces.
You spent 328 gold pieces at shops.

Inventory:

Hand Weapons
 a - a +0 long sword
 w - a +2 long sword of holy wrath
 A - a +0 great sword (weapon)
Armour
 b - a +1 scale mail
 c - a +0 shield
 g - a +0 cloak (worn)
 n - a cursed +0 plate armour (worn)
 J - a +0 pair of gloves (worn)
Jewellery
 i - an uncursed ring of protection from fire {unknown}
 j - a +4 ring of evasion (left hand)
 t - a ring of see invisible (right hand)
 z - an uncursed ring of flight
 E - a +3 ring of protection
Wands
 l - a wand of enslavement (7/24)
 y - a wand of paralysis (17/24)
Scrolls
 p - a scroll of fear {unknown}
 r - a scroll of teleportation
 u - 4 scrolls of remove curse
 B - a scroll of enchant armour
 D - 2 scrolls of identify
 G - a scroll of amnesia
 H - a scroll of blinking
 N - 2 scrolls of recharging
 O - a scroll of summoning {unknown}
Potions
 d - a potion of might
 e - 2 potions of curing
 k - 2 potions of cancellation
 m - 3 potions of agility
 o - a potion of haste
 q - 2 potions of invisibility
 v - 2 potions of brilliance
 C - a potion of ambrosia
 I - 2 potions of resistance
 K - a potion of magic
 L - a potion of lignification
Books
 h - a book of Misfortune

   Spells                             Type                      Level
   a - Confusing Touch                Hexes                        1
   b - Confuse                        Hexes                        3
   c - Gell's Gravitas                Translocation                3
   d - Petrify                        Transmutation/Earth          4
   e - Metabolic Englaciation         Hexes/Ice                    5
   f - Yara's Violent Unravelling     Hexes/Transmutation          5
 s - a book of Changes

   Spells                             Type                      Level
   a - Beastly Appendage              Transmutation                1
   b - Sticks to Snakes               Transmutation                2
   c - Spider Form                    Transmutation/Poison         3
   d - Ice Form                       Ice/Transmutation            4
   e - Blade Hands                    Transmutation                5
 F - a book of Frost

   Spells                             Type                      Level
   a - Freeze                         Ice                          1
   b - Throw Frost                    Conjuration/Ice              2
   c - Ozocubu's Armour               Charms/Ice                   3
   d - Throw Icicle                   Conjuration/Ice              4
   e - Summon Ice Beast               Ice/Summoning                4
Comestibles
 f - 8 bread rations
 x - 4 meat rations
 Q - a royal jelly


   Skills:
 * Level 11.4 Fighting
 + Level 13.6 Long Blades
 + Level 9.7 Armour
 + Level 1.4 Stealth
 - Level 3.9 Shields


You had 9 spell levels left.
You didn't know any spells.

Dungeon Overview and Level Annotations

Branches:
Dungeon (11/15)            Temple (0/1) D:7            Lair (0/6) D:10
    Orc: D:9-12

Altars:
Cheibriados
Elyvilon
Yredelemnul

Shops:
D:6 %   D:8 ?


Innate Abilities, Weirdness & Mutations

You reflexively headbutt those who attack you in melee.
You have a pair of horns on your head.


Message History

You hit the centaur. You headbutt the centaur.
The centaur is almost dead.
The centaur hits you.
* * * LOW HITPOINT WARNING * * *
The centaur warrior shoots an arrow.
The arrow hits you!
* * * LOW HITPOINT WARNING * * *
The centaur hits you but does no damage.
You feel better.
The centaur hits you but does no damage.
The centaur warrior shoots an arrow.
The arrow hits you!
* * * LOW HITPOINT WARNING * * *
As you read the scroll of teleportation, it crumbles to dust.
You feel strangely unstable.
The centaur hits you but does no damage.
The centaur closely misses you.
The centaur warrior shoots an arrow.
The arrow hits you.
* * * LOW HITPOINT WARNING * * *
The centaur hits you but does no damage.
The centaur warrior shoots an arrow.
The arrow hits you.
You die...

.....####. #...
.....##... #..#
.....##... #...##. .
#######...#....... ..
......#........... ...
......####c#########....
.........(.(.(()c....###
....#.........))c.......
................@.......
........................
........................
........................
########################


You could see a centaur warrior and 2 centaurs.

Vanquished Creatures
  2 hornets
  A hippogriff (D:10)
  2 wyverns (D:10)
  3 yaks (D:10)
  2 vampire mosquitoes (D:10)
  2 black bears
  2 ice beasts (D:7)
  4 sky beasts
  3 orc warriors
  2 phantoms
  7 ogres
  12 centaurs
  A big kobold (D:9)
  The ghost of Reeggar the Ducker, an amateur SpAK of Lugonu (D:6)
  9 bullfrogs
  A wyvern skeleton (D:9)
  A water moccasin skeleton (D:8)
  4 scorpions
  13 killer bees
  5 howler monkeys
  3 wights (D:8)
  A bullfrog zombie (D:8)
  2 crimson imps
  A bullfrog skeleton (D:10)
  3 centaur zombies
  5 hounds
  7 orc wizards
  2 orc priests
  Crazy Yiuf (D:7)
  A centaur skeleton (D:11)
  An iron imp (D:9)
  5 iguanas
  6 worker ants
  A hound skeleton (D:9)
  A worker ant zombie (D:7)
  11 adders
  2 shadow imps
  3 adder zombies
  An adder skeleton (D:7)
  3 worms
  2 dart slugs
  2 leopard geckos (D:6)
  36 orcs
  2 giant cockroaches
  7 goblins
  4 hobgoblins
  10 jackals (D:3)
  7 kobolds
  8 quokkas
  3 ball pythons
  A ball python zombie (D:5)
  11 bats
  10 frilled lizards (D:2)
  A leopard gecko skeleton (D:7)
  A quokka skeleton (D:7)
  9 rats
251 creatures vanquished.

Vanquished Creatures (others)
  A bush (D:7)
  2 fungi (D:10)
3 creatures vanquished.

Grand Total: 254 creatures vanquished

Notes
Turn   | Place    | Note
-------+----------+-------------------------------------------
     0 | D:1      | KoningWillie the Minotaur Fighter began the quest for the Orb.
     0 | D:1      | Reached XP level 1. HP: 19/19 MP: 0/0
   398 | D:1      | Reached XP level 2. HP: 27/27 MP: 1/1
  1085 | D:2      | Reached skill level 3 in Long Blades
  1085 | D:2      | Reached XP level 3. HP: 33/33 MP: 2/2
  1314 | D:2      | Found a white marble altar of Elyvilon.
  2227 | D:3      | Reached XP level 4. HP: 32/40 MP: 3/3
  2350 | D:3      | Reached skill level 4 in Long Blades
  3020 | D:3      | You fall through a shaft for 2 floors!
  3020 | D:5      | Entered Level 5 of the Dungeon
  3143 | D:5      | Reached skill level 5 in Long Blades
  3143 | D:5      | Reached XP level 5. HP: 38/46 MP: 4/4
  3285 | D:4      | Reached skill level 5 in Armour
  3520 | D:4      | Reached skill level 6 in Long Blades
  3520 | D:4      | Reached XP level 6. HP: 44/52 MP: 5/5
  4780 | D:5      | Reached skill level 7 in Long Blades
  5016 | D:5      | Found a basalt altar of Yredelemnul.
  5067 | D:5      | Reached XP level 7. HP: 59/60 MP: 6/6
  5601 | D:6      | Found Ahataica's Food Boutique.
  5607 | D:6      | Bought a meat ration for 60 gold pieces
  5607 | D:6      | Bought a meat ration for 60 gold pieces
  5607 | D:6      | Bought a bread ration for 60 gold pieces
  5607 | D:6      | Bought a meat ration for 60 gold pieces
  5824 | D:6      | Reached skill level 5 in Fighting
  5851 | D:6      | Reached skill level 8 in Long Blades
  6344 | D:6      | Noticed Reeggar's ghost (amateur SpAK)
  6355 | D:6      | Killed Reeggar's ghost
  6474 | D:6      | Reached XP level 8. HP: 44/69 MP: 7/7
  6746 | D:6      | Reached skill level 9 in Long Blades
  7203 | D:7      | Reached skill level 1 in Stealth
  7211 | D:7      | Reached skill level 10 in Long Blades
  7346 | D:7      | Reached XP level 9. HP: 47/79 MP: 8/8
  7811 | D:7      | Found a staircase to the Ecumenical Temple.
  7851 | D:7      | Reached skill level 11 in Long Blades
  7996 | D:7      | Found a runed door.
  8227 | D:7      | Noticed Crazy Yiuf
  8229 | D:7      | Killed Crazy Yiuf
  9086 | D:8      | Paralysed by a hornet for 1 turns
  9093 | D:8      | Reached skill level 12 in Long Blades
  9143 | D:8      | Found Xegech's Magic Scroll Boutique.
  9154 | D:8      | Bought a scroll of identify for 22 gold pieces
  9154 | D:8      | Bought 2 scrolls of identify for 44 gold pieces
  9154 | D:8      | Bought a scroll of identify for 22 gold pieces
  9811 | D:9      | Reached XP level 10. HP: 82/92 MP: 9/9
 10254 | D:9      | Found a snail-covered altar of Cheibriados.
 10275 | D:9      | Reached skill level 10 in Fighting
 10575 | D:10     | Entered Level 10 of the Dungeon
 11009 | D:10     | Reached skill level 13 in Long Blades
 11681 | D:10     | Found a staircase to the Lair.
 12047 | D:11     | Noticed a centaur warrior
 12065 | D:11     | HP: 3/96 [centaur warrior/arrow (4)]
 12066 | D:11     | Shot with an arrow by a centaur warrior

Skill      XL: |  1  2  3  4  5  6  7  8  9 10 |
---------------+-------------------------------+-----
Armour         | 4 5 6 7 8 9 |  9.7
Long Blades    | 3 5 6 7 8 10 12 13 | 13.6
Fighting       | 4 5 7 9 11 | 11.4
Stealth        | 1 |  1.4
Shields        | |  3.9

Action                   |  1- 3 |  4- 6 |  7- 9 | 10-12 || total
-------------------------+-------+-------+-------+-------++-------
Melee: Long sword        |    77 |   167 |    30 |       ||   274
       Headbutt          |    12 |    37 |    47 |    34 ||   130
       Great sword       |       |       |   179 |   156 ||   335
  Use: Scroll            |     6 |     7 |    13 |     1 ||    27
       Potion            |       |       |     4 |     4 ||     8
  Eat: Bread ration      |     1 |     2 |     1 |     1 ||     5
       Chunk             |     1 |     1 |       |       ||     2
       Meat ration       |       |       |     1 |     1 ||     2
       Fruit             |       |       |     4 |       ||     4
       Royal jelly       |       |       |     1 |       ||     1
Armor: Scale mail        |    27 |       |       |       ||    27
       Plate armour      |    30 |    65 |   147 |   119 ||   361
Dodge: Dodged            |    32 |    34 |   135 |   114 ||   315
Block: Shield            |    65 |    87 |    20 |       ||   172
       Rpst.: Long sword |    13 |     9 |       |       ||    22
       Great sword       |       |       |    37 |    32 ||    69
